TOP OF THE 1ST |
---|
Temiskaming District Secondary School Saints batting - Pitching for Bishop Verot HS : RHP Archie Sánchez | Pitching: RHP Archie Sánchez | | Batting: RHB José Icaza | 0-0: Ball 1-0: Called Strike 1-1: Foul Ball, location: 2F 1-2: Foul Ball, location: 2F 1-2: Ball 2-2: Foul Ball, location: 2F 2-2: Foul Ball, location: 2F 2-2: Ball 3-2: Foul Ball, location: 2F 3-2: Fly out, F3 (Popup, 3F) | Batting: LHB Juan Esparza | 0-0: SINGLE (Groundball, 56) (infield hit) | Batting: RHB Hilton Knowles | 0-0: Fly out, F8 (Flyball, 8RM) | Batting: LHB Leonardo Torres | 0-0: Ball 1-0: Called Strike 1-1: Ball 2-1: Ball 3-1: Base on Balls Juan Esparza to second | Batting: RHB Ramón Cabrera | 0-0: Foul Ball, location: 2F 0-1: Ball 1-1: Ball 2-1: Ball 3-1: Base on Balls Juan Esparza to third Leonardo Torres to second | Batting: SHB Eric Silva | 0-0: Swinging Strike 0-1: Ball 1-1: Called Strike 1-2: Strikes out swinging | Top of the 1st over - 0 runs, 1 hit, 0 errors, 3 left on base; Temiskaming District Secondary School 0 - Bishop Verot HS 0 | BOTTOM OF THE 1ST |
---|
Bishop Verot HS batting - Pitching for Temiskaming District Secondary School Saints : RHP Porter Fleming | Pitching: RHP Porter Fleming | | Batting: RHB Rafael Sánchez | 0-0: Ball 1-0: Ball 2-0: Ball 3-0: Called Strike 3-1: Foul Ball, location: 2F 3-2: Foul Ball, location: 2F 3-2: SINGLE (Groundball, 6MD) | Batting: RHB Ken O'Quinn | 0-0: Ball Balk! Rafael Sánchez to second 1-0: Called Strike 1-1: Swinging Strike 1-2: SINGLE (Groundball, 3D) Rafael Sánchez to third | Batting: RHB Martin Davis | 0-0: Ball 1-0: Foul Ball, location: 2F 1-1: Ball 2-1: Foul Ball, location: 2F 2-2: Ball 3-2: Foul Ball, location: 2F 3-2: Strikes out swinging | Batting: RHB Mike Harris | 0-0: Foul Ball, location: 2F 0-1: Ball Ken O'Quinn is caught stealing 2nd base 1-1: Ball 2-1: Ball 3-1: Fly out, F8 (Flyball, 8RD) | Bottom of the 1st over - 0 runs, 2 hits, 0 errors, 1 left on base; Temiskaming District Secondary School 0 - Bishop Verot HS 0 | TOP OF THE 2ND |
---|
Temiskaming District Secondary School Saints batting - Pitching for Bishop Verot HS : RHP Archie Sánchez | Batting: RHB Louis-Joseph Perrier | 0-0: Ball 1-0: Ball 2-0: Ball 3-0: Called Strike 3-1: Base on Balls | Batting: RHB Scott Roberts | 0-0: Foul Ball, location: 2F 0-1: Ball 1-1: Called Strike 1-2: DOUBLE (Groundball, 3L) Louis-Joseph Perrier to third | Batting: LHB Kevin McGee | 0-0: SINGLE (Groundball, 34) (infield hit) Louis-Joseph Perrier scores Scott Roberts to third | Batting: RHB José Icaza | 0-0: Ball 1-0: Ball 2-0: Foul Ball, location: 2F 2-1: Swinging Strike 2-2: Foul Ball, location: 2F 2-2: Ball 3-2: Foul Ball, location: 2F 3-2: Foul Ball, location: 2F 3-2: Strikes out swinging | Batting: LHB Juan Esparza | 0-0: Ball 1-0: Called Strike 1-1: Swinging Strike 1-2: Strikes out swinging | Batting: RHB Hilton Knowles | 0-0: Ball 1-0: Fly out, F9 (Flyball, 9LSF) | Top of the 2nd over - 1 run, 2 hits, 0 errors, 2 left on base; Temiskaming District Secondary School 1 - Bishop Verot HS 0 | BOTTOM OF THE 2ND |
---|
Bishop Verot HS batting - Pitching for Temiskaming District Secondary School Saints : RHP Porter Fleming | Batting: LHB Mario Rodríguez | 0-0: Ball 1-0: Ball 2-0: Fly out, F4 (Popup, 4S) | Batting: SHB Paul Johnson | 0-0: Ball 1-0: Called Strike 1-1: Foul Ball, location: 2F 1-2: Ball 2-2: SINGLE (Groundball, 3S) (infield hit) | Batting: LHB Fred Peters | 0-0: Called Strike 0-1: Ball 1-1: Ball 2-1: Fly out, F8 (Flyball, 8LM) | Batting: RHB Adam Trujillo | 0-0: Ball 1-0: Foul Ball, location: 2F 1-1: Foul Ball, location: 2F 1-2: 2-RUN HOME RUN (Flyball, 7D), Distance : 366 ft | Batting: RHB José Mejía | 0-0: Ball 1-0: Ball 2-0: Called Strike 2-1: Swinging Strike 2-2: Ground out 5-3 (Groundball, 56S) | Bottom of the 2nd over - 2 runs, 2 hits, 0 errors, 0 left on base; Temiskaming District Secondary School 1 - Bishop Verot HS 2 | TOP OF THE 3RD |
---|
Temiskaming District Secondary School Saints batting - Pitching for Bishop Verot HS : RHP Archie Sánchez | Batting: LHB Leonardo Torres | 0-0: Called Strike 0-1: Ball 1-1: Called Strike 1-2: Foul Ball, location: 2F 1-2: Foul Ball, location: 2F 1-2: Foul Ball, location: 2F 1-2: Strikes out swinging, 2-3 out at first. | Batting: RHB Ramón Cabrera | 0-0: Called Strike 0-1: Ball 1-1: Hit by Pitch | Batting: SHB Eric Silva | 0-0: Ball 1-0: Foul Ball, location: 2F 1-1: Swinging Strike 1-2: Strikes out swinging | Batting: RHB Louis-Joseph Perrier | 0-0: Called Strike 0-1: Ball 1-1: Called Strike 1-2: Ball 2-2: Foul Ball, location: 2F 2-2: Ball 3-2: SINGLE (Line Drive, 9LM) Ramón Cabrera to second Ramón Cabrera to third | Batting: RHB Scott Roberts | 0-0: Fly out, F8 (Flyball, 8RS) | Top of the 3rd over - 0 runs, 1 hit, 0 errors, 2 left on base; Temiskaming District Secondary School 1 - Bishop Verot HS 2 | BOTTOM OF THE 3RD |
---|
Bishop Verot HS batting - Pitching for Temiskaming District Secondary School Saints : RHP Porter Fleming | Batting: RHB Rafael Sánchez | 0-0: Ball 1-0: Ground out 5-3 (Groundball, 5L) | Batting: RHB Ken O'Quinn | 0-0: Foul Ball, location: 2F 0-1: Ball 1-1: Ball 2-1: Called Strike 2-2: Foul Ball, location: 2F 2-2: Ball 3-2: Base on Balls | Batting: RHB Martin Davis | 0-0: Ball Ken O'Quinn steals 2nd base 1-0: Called Strike 1-1: Ball 2-1: Ball 3-1: Base on Balls | Batting: RHB Mike Harris | 0-0: Ball 1-0: Called Strike 1-1: SINGLE (Flyball, 7LS) Ken O'Quinn to third Martin Davis to second | Batting: LHB Mario Rodríguez | 0-0: Called Strike 0-1: Ball 1-1: SINGLE (Line Drive, 8LS) Ken O'Quinn scores Martin Davis to third Mike Harris to second Runner from 3rd tries for Home, SAFE, throw made home | Batting: SHB Paul Johnson | 0-0: Fly out, F6 (Popup, P) | Batting: LHB Fred Peters | 0-0: Ball 1-0: 3-RUN HOME RUN (Line Drive, 89XD), Distance : 383 ft | Batting: RHB Adam Trujillo | 0-0: Ball 1-0: Ball 2-0: Ball 3-0: Called Strike 3-1: Base on Balls | Batting: RHB José Mejía | 0-0: Fly out, F7 (Line Drive, 7) | Bottom of the 3rd over - 5 runs, 3 hits, 0 errors, 1 left on base; Temiskaming District Secondary School 1 - Bishop Verot HS 7 | TOP OF THE 4TH |
---|
Temiskaming District Secondary School Saints batting - Pitching for Bishop Verot HS : RHP Archie Sánchez | Batting: LHB Kevin McGee | 0-0: Ground out 1-3 (Groundball, 13) | Batting: RHB José Icaza | 0-0: Ball 1-0: Ball 2-0: Ball 3-0: Called Strike 3-1: Base on Balls | Batting: LHB Juan Esparza | 0-0: Ball José Icaza steals 2nd base 1-0: Ball 2-0: Ball 3-0: Base on Balls | Pitching: LHP Silas Farr | | Batting: RHB Hilton Knowles | 0-0: Ball Throwing error on steal attempt, E2 José Icaza scores Juan Esparza to third 1-0: Ground out 5-3 (Groundball, 56) Juan Esparza scores | Batting: LHB Leonardo Torres | 0-0: SINGLE (Flyball, 9S) | Batting: RHB Ramón Cabrera | 0-0: Ball 1-0: Swinging Strike 1-1: Ball 2-1: SINGLE (Line Drive, 6) Leonardo Torres to second | Batting: SHB Eric Silva | 0-0: Fly out, F7 (Flyball, 7S) | Top of the 4th over - 2 runs, 2 hits, 1 error, 2 left on base; Temiskaming District Secondary School 3 - Bishop Verot HS 7 | BOTTOM OF THE 4TH |
---|
Bishop Verot HS batting - Pitching for Temiskaming District Secondary School Saints : RHP Porter Fleming | Batting: RHB Rafael Sánchez | 0-0: Ball 1-0: Called Strike 1-1: Ball 2-1: Ball 3-1: Called Strike 3-2: Fly out, F7 (Flyball, 7) | Batting: RHB Ken O'Quinn | 0-0: Ball 1-0: Ball 2-0: Ball 3-0: Base on Balls | Pitching: LHP Guillermo Silva | | Batting: RHB Martin Davis | 0-0: Called Strike 0-1: Ball 1-1: Ball 2-1: Ball 3-1: Foul Ball, location: 2F 3-2: Base on Balls Ken O'Quinn to second | Batting: RHB Mike Harris | 0-0: Called Strike 0-1: Called Strike 0-2: Ball 1-2: SINGLE (Line Drive, 6MD) Ken O'Quinn to third Martin Davis to second | Batting: LHB Mario Rodríguez | 0-0: Called Strike 0-1: Called Strike 0-2: Ball 1-2: SINGLE (Groundball, 34D) Ken O'Quinn scores Martin Davis to third Mike Harris to second Runner from 3rd tries for Home, SAFE, throw made home | Batting: SHB Paul Johnson | 0-0: Called Strike 0-1: Ball 1-1: Ball 2-1: Ball 3-1: Base on Balls Mike Harris to third Mario Rodríguez to second | Batting: LHB Fred Peters | 0-0: Ball 1-0: Foul Ball, location: 2F 1-1: Foul Ball, location: 2F 1-2: Ball 2-2: SINGLE (Groundball, 34D) Mike Harris scores Mario Rodríguez to third Paul Johnson to second Runner from 3rd tries for Home, SAFE, throw made home | Batting: RHB Adam Trujillo | 0-0: Ball 1-0: Ball 2-0: Ball 3-0: Called Strike 3-1: Called Strike 3-2: Foul Ball, location: 2F 3-2: Strikes out swinging | Batting: RHB José Mejía | 0-0: Ball 1-0: Called Strike 1-1: Ball 2-1: Swinging Strike 2-2: Foul Ball, location: 2F 2-2: Foul Ball, location: 2F 2-2: Strikes out swinging | Bottom of the 4th over - 4 runs, 3 hits, 0 errors, 2 left on base; Temiskaming District Secondary School 3 - Bishop Verot HS 11 | TOP OF THE 5TH |
---|
Temiskaming District Secondary School Saints batting - Pitching for Bishop Verot HS : LHP Silas Farr | Batting: RHB Louis-Joseph Perrier | 0-0: Called Strike 0-1: Ball 1-1: SINGLE (Line Drive, 8LS) | Batting: RHB Scott Roberts | Pickoff Throw to First - Out! 0-0: Ball 1-0: Called Strike 1-1: Ball 2-1: Ball 3-1: Foul Ball, location: 2F 3-2: Foul Ball, location: 2F 3-2: SINGLE (Line Drive, 89M) | Batting: LHB Kevin McGee | 0-0: Called Strike 0-1: Foul Ball, location: 2F 0-2: Foul Ball, location: 2F 0-2: Ball 1-2: Ball 2-2: Ball 3-2: SINGLE (Line Drive, 3D) Scott Roberts to second Runner from 2nd tries for 3rd, OUT! | Batting: RHB José Icaza | 0-0: Foul Ball, location: 2F 0-1: Ball 1-1: Swinging Strike Pickoff Throw to First - Error! E1 Kevin McGee to second 1-2: Ball 2-2: Ball 3-2: Foul Ball, location: 2F 3-2: Base on Balls | Batting: LHB Juan Esparza | 0-0: Foul Ball, location: 2F 0-1: Called Strike 0-2: Ball 1-2: Ball 2-2: Foul Ball, location: 2F 2-2: Ball 3-2: Strikes out swinging | Top of the 5th over - 0 runs, 3 hits, 1 error, 2 left on base; Temiskaming District Secondary School 3 - Bishop Verot HS 11 | BOTTOM OF THE 5TH |
---|
Bishop Verot HS batting - Pitching for Temiskaming District Secondary School Saints : LHP Guillermo Silva | Batting: RHB Rafael Sánchez | 0-0: Ball 1-0: Ball 2-0: SINGLE (Line Drive, 9S) | Batting: RHB Ken O'Quinn | 0-0: Foul Ball, location: 2F 0-1: Foul Ball, location: 2F 0-2: Ball Wild Pitch! Rafael Sánchez to second 1-2: Ball 2-2: Foul Ball, location: 2F 2-2: Fly out, F4 (Popup, 34S) | Batting: RHB Martin Davis | 0-0: Ball | |
---|
| | 1-0: Ball 2-0: Ball 3-0: Called Strike 3-1: Base on Balls | Batting: RHB Mike Harris | 0-0: Ball 1-0: Ball 2-0: Ball 3-0: Called Strike 3-1: SINGLE (Flyball, 78S) Rafael Sánchez to third Martin Davis to second | Pitching: LHP Jaime Meléndez | | Batting: LHB Mario Rodríguez | 0-0: Ball 1-0: Foul Ball, location: 2F 1-1: SINGLE (Flyball, 78S) Rafael Sánchez scores Martin Davis to third Mike Harris to second | Batting: SHB Paul Johnson | 0-0: Ball 1-0: Called Strike 1-1: Ball 2-1: Ball 3-1: SINGLE (Flyball, 4D) Martin Davis scores Mike Harris to third Mario Rodríguez to second Runner from 3rd tries for Home, throw and OUT! Mario Rodríguez to third Paul Johnson to second | Batting: LHB Fred Peters | 0-0: Ball 1-0: Ball 2-0: Foul Ball, location: 2F 2-1: Ball 3-1: Base on Balls | Batting: RHB Adam Trujillo | 0-0: Ball 1-0: Ball 2-0: Ball 3-0: Called Strike 3-1: Base on Balls Mario Rodríguez scores Paul Johnson to third Fred Peters to second | Batting: RHB José Mejía | 0-0: Ball 1-0: Ball 2-0: Ball 3-0: Fly out, F4 (Popup, 13) | Bottom of the 5th over - 3 runs, 4 hits, 0 errors, 3 left on base; Temiskaming District Secondary School 3 - Bishop Verot HS 14 | TOP OF THE 6TH |
---|
Temiskaming District Secondary School Saints batting - Pitching for Bishop Verot HS : LHP Silas Farr | Batting: RHB Hilton Knowles | 0-0: SINGLE (Groundball, 13S) (infield hit) | Batting: LHB Leonardo Torres | 0-0: Called Strike 0-1: Fly out, F7 (Flyball, 7) | Batting: RHB Ramón Cabrera | 0-0: Foul Ball, location: 2F 0-1: Ball 1-1: SINGLE (Line Drive, 34D) Hilton Knowles to second | Batting: SHB Eric Silva | 0-0: Foul Ball, location: 2F 0-1: Ball Wild Pitch! Hilton Knowles to third Ramón Cabrera to second 1-1: Foul Ball, location: 2F 1-2: Foul Ball, location: 2F 1-2: Ball 2-2: Ball 3-2: Fly out, F8 (Flyball, 8RM) Throwing error, E8 Hilton Knowles scores Ramón Cabrera to third | Batting: RHB Louis-Joseph Perrier | 0-0: Foul Ball, location: 2F 0-1: Fly out, F8 (Flyball, 8LM) | Top of the 6th over - 1 run, 2 hits, 1 error, 1 left on base; Temiskaming District Secondary School 4 - Bishop Verot HS 14 | BOTTOM OF THE 6TH |
---|
Bishop Verot HS batting - Pitching for Temiskaming District Secondary School Saints : LHP Jaime Meléndez | Batting: RHB Rafael Sánchez | 0-0: Foul Ball, location: 2F 0-1: Ground out 5-3 (Groundball, 56) | Batting: RHB Ken O'Quinn | 0-0: Ball 1-0: Ball 2-0: Ball 3-0: Called Strike 3-1: SOLO HOME RUN (Flyball, 7LD), Distance : 348 ft | Batting: RHB Martin Davis | 0-0: Ball 1-0: Fly out, F9 (Flyball, 9) | Batting: RHB Mike Harris | 0-0: Called Strike 0-1: Ball 1-1: Swinging Strike 1-2: Strikes out looking | Bottom of the 6th over - 1 run, 1 hit, 0 errors, 0 left on base; Temiskaming District Secondary School 4 - Bishop Verot HS 15 | TOP OF THE 7TH |
---|
Temiskaming District Secondary School Saints batting - Pitching for Bishop Verot HS : LHP Silas Farr | Batting: RHB Scott Roberts | 0-0: Ball 1-0: Called Strike 1-1: Foul Ball, location: 2F 1-2: Ball 2-2: Foul Ball, location: 2F 2-2: Strikes out looking | Pitching: LHP Alfredo Deleón | | Batting: LHB Kevin McGee | 0-0: Foul Ball, location: 2F 0-1: DOUBLE (Flyball, 8LD) | Batting: RHB José Icaza | 0-0: SINGLE (Groundball, 3D) Kevin McGee to third Runner from 3rd tries for Home, SAFE, throw made home José Icaza to second | Batting: LHB Juan Esparza | 0-0: Ball 1-0: Foul Ball, location: 2F 1-1: Ball 2-1: Ball 3-1: Fly out, F7 (Line Drive, 7S) | Batting: RHB Hilton Knowles | 0-0: Foul Ball, location: 2F 0-1: Foul Ball, location: 2F 0-2: Ball 1-2: Foul Ball, location: 2F 1-2: Ball 2-2: Ball 3-2: Base on Balls | Batting: LHB Leonardo Torres | 0-0: Called Strike 0-1: Called Strike 0-2: Strikes out swinging | Top of the 7th over - 1 run, 2 hits, 0 errors, 2 left on base; Temiskaming District Secondary School 5 - Bishop Verot HS 15 | BOTTOM OF THE 7TH |
---|
Bishop Verot HS batting - Pitching for Temiskaming District Secondary School Saints : LHP Jaime Meléndez | Batting: LHB Mario Rodríguez | 0-0: SINGLE (Groundball, 4MD) | Batting: SHB Paul Johnson | 0-0: Called Strike 0-1: SINGLE (Groundball, 6) (infield hit) Mario Rodríguez to second | Batting: LHB Fred Peters | 0-0: Ball 1-0: Ball 2-0: Called Strike 2-1: Ball 3-1: Fly out, F8 (Flyball, 78D) | Batting: RHB Adam Trujillo | 0-0: Ball 1-0: Ball 2-0: Called Strike 2-1: Swinging Strike 2-2: Foul Ball, location: 2F 2-2: Strikes out swinging | Batting: RHB José Mejía | 0-0: Called Strike 0-1: SINGLE (Flyball, 78M) Mario Rodríguez to third Paul Johnson to second Runner from 3rd tries for Home, SAFE, no throw | Batting: RHB Rafael Sánchez | 0-0: Foul Ball, location: 2F 0-1: Called Strike 0-2: Ball 1-2: 3-RUN HOME RUN (Flyball, 7LD), Distance : 365 ft | Pitching: RHP Jorge Manuel | | Batting: RHB Ken O'Quinn | 0-0: Called Strike 0-1: Ball 1-1: Foul Ball, location: 2F 1-2: Strikes out swinging | Bottom of the 7th over - 4 runs, 4 hits, 0 errors, 0 left on base; Temiskaming District Secondary School 5 - Bishop Verot HS 19 | TOP OF THE 8TH |
---|
Temiskaming District Secondary School Saints batting - Pitching for Bishop Verot HS : LHP Alfredo Deleón | Now in LF: Mike MacNamara | | Batting: RHB Ramón Cabrera | 0-0: Called Strike 0-1: Called Strike 0-2: Ball 1-2: Strikes out swinging | Batting: SHB Eric Silva | 0-0: Swinging Strike 0-1: Ball 1-1: Foul Ball, location: 2F 1-2: Foul Ball, location: 2F 1-2: Foul Ball, location: 2F 1-2: Foul Ball, location: 2F 1-2: Foul Ball, location: 2F 1-2: Strikes out swinging | Batting: RHB Louis-Joseph Perrier | 0-0: Called Strike 0-1: Ball 1-1: Ball 2-1: Ball 3-1: Called Strike 3-2: Single, Error in OF, E9, batter to second base | Batting: RHB Scott Roberts | 0-0: Ball 1-0: Called Strike 1-1: Swinging Strike 1-2: Strikes out swinging | Top of the 8th over - 0 runs, 1 hit, 1 error, 1 left on base; Temiskaming District Secondary School 5 - Bishop Verot HS 19 | BOTTOM OF THE 8TH |
---|
Bishop Verot HS batting - Pitching for Temiskaming District Secondary School Saints : RHP Jorge Manuel | Batting: RHB Martin Davis | 0-0: Ball 1-0: Ball 2-0: Foul Ball, location: 2F 2-1: Ball 3-1: Called Strike 3-2: Strikes out swinging | Batting: RHB Mike Harris | 0-0: Ball 1-0: Ball 2-0: Ball 3-0: Called Strike 3-1: Base on Balls | Batting: LHB Mario Rodríguez | 0-0: Ball 1-0: Called Strike 1-1: Ball 2-1: Ball 3-1: Base on Balls Mike Harris to second | Batting: SHB Paul Johnson | 0-0: Foul Ball, location: 2F 0-1: Hit by Pitch Mike Harris to third Mario Rodríguez to second | Pinch Runner at 1st Jorge Franco: | | Batting: LHB Fred Peters | 0-0: Called Strike 0-1: Ball 1-1: Foul Ball, location: 2F 1-2: Ball 2-2: Foul Ball, location: 2F 2-2: Ball 3-2: Foul Ball, location: 2F 3-2: Foul Ball, location: 2F 3-2: Grounds into double play, 4-6-3 (Groundball, 4) | Bottom of the 8th over - 0 runs, 0 hits, 0 errors, 2 left on base; Temiskaming District Secondary School 5 - Bishop Verot HS 19 | TOP OF THE 9TH |
---|
Temiskaming District Secondary School Saints batting - Pitching for Bishop Verot HS : LHP Alfredo Deleón | Now at C: Jorge Franco | | Now in RF: Frank Rangel | | Batting: LHB Kevin McGee | 0-0: Ball 1-0: SOLO HOME RUN (Flyball, 89XD), Distance : 403 ft | Batting: RHB José Icaza | 0-0: Foul Ball, location: 2F 0-1: Foul Ball, location: 2F 0-2: Ball 1-2: Foul Ball, location: 2F 1-2: Fly out, F7 (Line Drive, 7) | Batting: LHB Juan Esparza | 0-0: Ball 1-0: Foul Ball, location: 2F 1-1: Ball 2-1: Ground out 5-3 (Groundball, 56) | Batting: RHB Hilton Knowles | 0-0: Called Strike 0-1: Called Strike 0-2: Foul Ball, location: 2F 0-2: Ball 1-2: Ball 2-2: Ground out 1-3 (Groundball, 15S) | Top of the 9th over - 1 run, 1 hit, 0 errors, 0 left on base; Temiskaming District Secondary School 6 - Bishop Verot HS 19 | | Saturday, December 16th, 2017 - OOTP Baseball 18.8 Build 76 | |